EVO
PENNSYLVANIA STATE UNIVERSITY NITTANY LIONS @ OHIO STATE UNIVERSITY BUCKEYES
11/17/2047
 
TOP OF THE 1ST
Clemson University Tigers batting - Pitching for University of Michigan Wolverines : RHP Alberto Cabrera
Pitching: RHP Alberto Cabrera
Batting: RHB Ryan Thurston 0-0: Called Strike
0-1: Ground out 6-3 (Groundball, 6S, EV 69.4 MPH)
Batting: LHB Jayden Pelayo 0-0: Ball
1-0: Ball
2-0: Fly out, F7 (Line Drive, 7, EV 84.4 MPH)
Batting: RHB Chris Prinzing 0-0: Ball
1-0: Called Strike
1-1: Foul Ball, location: 2F
1-2: Ground out 6-3 (Groundball, 6, EV 79.4 MPH)
Top of the 1st over - 0 runs, 0 hits, 0 errors, 0 left on base; Clemson University 0 - University of Michigan 0
BOTTOM OF THE 1ST
University of Michigan Wolverines batting - Pitching for Clemson University Tigers : RHP Butch Powers
Pitching: RHP Butch Powers
Batting: LHB Tony Olvera 0-0: Called Strike
0-1: Ball
1-1: Foul Ball, location: 2F
1-2: Foul Ball, location: 2F
1-2: Ball
2-2: Strikes out looking
Batting: RHB Jamie Broadhurst 0-0: Foul Ball, location: 2F
0-1: Ball
1-1: Ground out 6-3 (Groundball, 6, EV 81.2 MPH)
Batting: LHB Adrian Navarro 0-0: Called Strike
0-1: Foul Ball, location: 2F
0-2: Strikes out swinging
Bottom of the 1st over - 0 runs, 0 hits, 0 errors, 0 left on base; Clemson University 0 - University of Michigan 0
TOP OF THE 2ND
Clemson University Tigers batting - Pitching for University of Michigan Wolverines : RHP Alberto Cabrera
Batting: SHB Jose Santiago 0-0: Swinging Strike
0-1: Ball
1-1: Foul Ball, location: 2F
1-2: Ground out 4-3 (Groundball, 34D, EV 108.1 MPH)
Batting: LHB Victor Reyna 0-0: Called Strike
0-1: Foul Ball, location: 2F
0-2: Foul Ball, location: 2F
0-2: Strikes out swinging
Batting: RHB Jorge Alva 0-0: Fly out, F8 (Flyball, 8LD, EV 100.6 MPH)
Top of the 2nd over - 0 runs, 0 hits, 0 errors, 0 left on base; Clemson University 0 - University of Michigan 0
BOTTOM OF THE 2ND
University of Michigan Wolverines batting - Pitching for Clemson University Tigers : RHP Butch Powers
Batting: RHB Franklin Ortega 0-0: Ground out 1-3 (Groundball, 13S, EV 62.5 MPH)
Batting: RHB Jason Rhodes 0-0: Fly out, F8 (Line Drive, 78M, EV 86.9 MPH)
Batting: RHB Dave Guevara 0-0: SINGLE (Groundball, 4D, EV 96.2 MPH)
Batting: RHB Glen Limeburner 0-0: Called Strike
0-1: Called Strike
0-2: Ball
1-2: Ball
2-2: Strikes out swinging
Bottom of the 2nd over - 0 runs, 1 hit, 0 errors, 1 left on base; Clemson University 0 - University of Michigan 0
TOP OF THE 3RD
Clemson University Tigers batting - Pitching for University of Michigan Wolverines : RHP Alberto Cabrera
Batting: RHB Juan Barela 0-0: Ball
1-0: Ground out 5-3 (Groundball, 56, EV 86.2 MPH)
Batting: RHB Neal Perucci 0-0: Called Strike
0-1: DOUBLE (Line Drive, 7LM, EV 108.1 MPH)
Batting: RHB Donovan Deason 0-0: Ball
1-0: Ball
2-0: Ball
3-0: Base on Balls
Batting: RHB Ryan Thurston 0-0: Swinging Strike
0-1: Ball
1-1: Fielders Choice at 2nd, 6-4 (Groundball, 6, EV 83.8 MPH)
Neal Perucci to third
Batting: LHB Jayden Pelayo 0-0: Called Strike
0-1: Foul Ball, location: 2F
0-2: Foul Ball, location: 2F
0-2: Fly out, F7 (Flyball, 7, EV 91.2 MPH)
Top of the 3rd over - 0 runs, 1 hit, 0 errors, 2 left on base; Clemson University 0 - University of Michigan 0
BOTTOM OF THE 3RD
University of Michigan Wolverines batting - Pitching for Clemson University Tigers : RHP Butch Powers
Batting: LHB Gabe Morales 0-0: Swinging Strike
0-1: DOUBLE (Line Drive, 3D, EV 95.6 MPH)
Batting: RHB Wei-fang Ping 0-0: Swinging Strike
0-1: Ball
1-1: Fly out, F8 (Flyball, 8LD, EV 97.5 MPH)
Batting: LHB Tony Olvera 0-0: Swinging Strike
0-1: Ball
1-1: Foul Ball, location: 2F
1-2: Ground out 3-1 (Groundball, 34, EV 83.8 MPH)
Gabe Morales to third
Batting: RHB Jamie Broadhurst 0-0: Foul Ball, location: 2F
0-1: Foul Ball, location: 2F
0-2: Ball
1-2: Ball
2-2: DOUBLE (Flyball, 8RXD, EV 93.1 MPH)
Gabe Morales scores
Batting: LHB Adrian Navarro 0-0: Ground out U3 (Groundball, 34, EV 88.1 MPH)
Bottom of the 3rd over - 1 run, 2 hits, 0 errors, 1 left on base; Clemson University 0 - University of Michigan 1
TOP OF THE 4TH
Clemson University Tigers batting - Pitching for University of Michigan Wolverines : RHP Alberto Cabrera
Batting: RHB Chris Prinzing 0-0: Ball
1-0: Ball
2-0: Called Strike
2-1: Ball
3-1: Swinging Strike
3-2: Base on Balls
Batting: SHB Jose Santiago 0-0: Foul Ball, location: 2F
0-1: Ball
1-1: Swinging Strike
1-2: Foul Ball, location: 2F
1-2: SINGLE (Groundball, 34D, EV 98.1 MPH)
Chris Prinzing to second
Runner from 2nd tries for 3rd, SAFE, throw by RF made to third
Batting: LHB Victor Reyna 0-0: Called Strike
0-1: Ball
1-1: Foul Ball, location: 2F
1-2: Ball
2-2: Foul Ball, location: 2F
2-2: SINGLE (Groundball, 56S, EV 65.6 MPH) (infield hit)
Chris Prinzing scores
Jose Santiago to second
Batting: RHB Jorge Alva 0-0: Ball
1-0: Swinging Strike
1-1: Ball
2-1: Ball
3-1: Foul Ball, location: 2F
3-2: Grounds into double play, 6-4-3 (Groundball, 6S, EV 81.9 MPH)
Jose Santiago to third
Batting: RHB Juan Barela 0-0: Called Strike
0-1: Ball
1-1: Ball
2-1: Foul Ball, location: 2F
2-2: Ground out 6-3 (Groundball, 6M, EV 100.6 MPH)
Top of the 4th over - 1 run, 2 hits, 0 errors, 1 left on base; Clemson University 1 - University of Michigan 1
BOTTOM OF THE 4TH
University of Michigan Wolverines batting - Pitching for Clemson University Tigers : RHP Butch Powers
Batting: RHB Franklin Ortega 0-0: Ground out 6-3 (Groundball, 56, EV 102.5 MPH)
Batting: RHB Jason Rhodes 0-0: Called Strike
0-1: Foul Ball, location: 2F
0-2: Ball
1-2: Foul Ball, location: 2F
1-2: Fly out, F3 (Line Drive, 3, EV 65.6 MPH)
Batting: RHB Dave Guevara 0-0: Swinging Strike
0-1: Ball
1-1: Ball
2-1: Foul Ball, location: 2F
2-2: Foul Ball, location: 2F
2-2: Ball
3-2: SINGLE (Groundball, 4MD, EV 108.8 MPH)
Batting: RHB Glen Limeburner 0-0: Foul Ball, location: 2F
0-1: Ball
1-1: Called Strike
1-2: Ground out 6-3 (Groundball, 6S, EV 93.1 MPH)
Bottom of the 4th over - 0 runs, 1 hit, 0 errors, 1 left on base; Clemson University 1 - University of Michigan 1
TOP OF THE 5TH
Clemson University Tigers batting - Pitching for University of Michigan Wolverines : RHP Alberto Cabrera
Batting: RHB Neal Perucci 0-0: Ball
1-0: Called Strike
1-1: SINGLE (Groundball, P, EV 84.4 MPH) (infield hit)
Batting: RHB Donovan Deason 0-0: Bunted foul
0-1: Sac Bunt to 3S - play at second, runner safe!
Batting: RHB Ryan Thurston 0-0: Sac Bunt to 15S - play at third, runner OUT! 1-6
Donovan Deason to second
Batting: LHB Jayden Pelayo 0-0: Swinging Strike
0-1: Ball
1-1: Ball
2-1: Ball
3-1: Called Strike
3-2: Strikes out swinging
Batting: RHB Chris Prinzing 0-0: Ball
1-0: Foul Ball, location: 2F
1-1: Ball
2-1: Ball
3-1: Base on Balls
Donovan Deason to third
Ryan Thurston to second
Batting: SHB Jose Santiago 0-0: Ball
1-0: Ball
2-0: Called Strike
2-1: Fly out, F7 (Flyball, 7LM, EV 83.1 MPH)
Top of the 5th over - 0 runs, 1 hit, 0 errors, 3 left on base; Clemson University 1 - University of Michigan 1
BOTTOM OF THE 5TH
University of Michigan Wolverines batting - Pitching for Clemson University Tigers : RHP Butch Powers
Batting: LHB Gabe Morales 0-0: Fly out, F7 (Flyball, 78M, EV 89.4 MPH)
Batting: RHB Wei-fang Ping 0-0: Ball
1-0: Ball
2-0: Called Strike
2-1: Called Strike
2-2: Foul Ball, location: 2F
2-2: Strikes out swinging
Batting: LHB Tony Olvera 0-0: Ball
1-0: Called Strike
1-1: Swinging Strike
1-2: Ball
2-2: Strikes out swinging
Bottom of the 5th over - 0 runs, 0 hits, 0 errors, 0 left on base; Clemson University 1 - University of Michigan 1
TOP OF THE 6TH
Clemson University Tigers batting - Pitching for University of Michigan Wolverines : RHP Alberto Cabrera
Batting: LHB Victor Reyna 0-0: Swinging Strike
0-1: Ball
1-1: Ground out 5-3 (Groundball, 56, EV 99.4 MPH)
Batting: RHB Jorge Alva 0-0: Ball
1-0: Fly out, F8 (Flyball, 78M, EV 93.8 MPH)
Batting: RHB Juan Barela 0-0: Ball
1-0: Foul Ball, location: 2F
1-1: Ball
2-1: Fly out, F8 (Flyball, 8LXD, EV 84.4 MPH)
Top of the 6th over - 0 runs, 0 hits, 0 errors, 0 left on base; Clemson University 1 - University of Michigan 1
BOTTOM OF THE 6TH
University of Michigan Wolverines batting - Pitching for Clemson University Tigers : RHP Butch Powers
Batting: RHB Jamie Broadhurst 0-0: Called Strike
0-1: Called Strike
0-2: Ball
1-2: Ball
2-2: Foul Ball, location: 2F
2-2: Foul Ball, location: 2F
2-2: Foul Ball, location: 2F
2-2: Ball
3-2: Foul Ball, location: 2F
3-2: Ground out U3 (Groundball, 34, EV 87.5 MPH)
Batting: LHB Adrian Navarro 0-0: Ball
1-0: Called Strike
1-1: Foul Ball, location: 2F
1-2: Ball
2-2: Foul Ball, location: 2F
2-2: Ground out 3-1 (Groundball, 34, EV 87.5 MPH)
Batting: RHB Franklin Ortega 0-0: Ball
1-0: Ball
2-0: Ball
3-0: Base on Balls
Batting: RHB Jason Rhodes 0-0: Fly out, F7 (Flyball, 7, EV 82.5 MPH)
Bottom of the 6th over - 0 runs, 0 hits, 0 errors, 1 left on base; Clemson University 1 - University of Michigan 1
TOP OF THE 7TH
Clemson University Tigers batting - Pitching for University of Michigan Wolverines : RHP Alberto Cabrera
Batting: RHB Neal Perucci 0-0: Ball
1-0: Fly out, F7 (Flyball, 78S, EV 81.9 MPH)
Pinch Hitting: RHB Jason Duncan 0-0: Foul Ball, location: 2F
0-1: Called Strike
0-2: Ball
1-2: Strikes out looking
Pinch Hitting: LHB David Mendez 0-0: Called Strike
0-1: Ball
1-1: Swinging Strike
1-2: Ball
2-2: DOUBLE (Line Drive, 7LD, EV 102.5 MPH)
Batting: RHB Josh LeSage 0-0: Ball
1-0: Ball
2-0: Foul Ball, location: 2F
2-1: Foul Ball, location: 2F
2-2: Foul Ball, location: 2F
2-2: Foul Ball, location: 2F
2-2: Ball
3-2: Base on Balls
Batting: RHB Chris Prinzing 0-0: Fielders Choice at 2nd, 6-4 (Groundball, 6, EV 104.4 MPH)
Top of the 7th over - 0 runs, 1 hit, 0 errors, 2 left on base; Clemson University 1 - University of Michigan 1
BOTTOM OF THE 7TH
University of Michigan Wolverines batting - Pitching for Clemson University Tigers : RHP Butch Powers
Now at 1B: David Mendez
Now in LF: Jason Duncan
Now in RF: Victor Reyna
Batting: RHB Dave Guevara 0-0: Fly out, F8 (Flyball, 8RD, EV 88.1 MPH)
Batting: RHB Glen Limeburner 0-0: Ball
1-0: Called Strike
1-1: Ball
2-1: Foul Ball, location: 2F
2-2: Ball
3-2: Foul Ball, location: 2F
3-2: Ground out U3 (Groundball, 3, EV 102.5 MPH)
Batting: LHB Gabe Morales 0-0: Ball
1-0: Ball
2-0: Ball
3-0: Base on Balls
Pitching: LHP Brian Anderson
Batting: RHB Wei-fang Ping 0-0: Foul Ball, location: 2F
0-1: Ground out 4-3 (Groundball, 34, EV 86.9 MPH)
Bottom of the 7th over - 0 runs, 0 hits, 0 errors, 1 left on base; Clemson University 1 - University of Michigan 1
TOP OF THE 8TH
Clemson University Tigers batting - Pitching for University of Michigan Wolverines : RHP Alberto Cabrera
Pitching: LHP Armando Salas
Batting: SHB Jose Santiago 0-0: Ground out 4-3 (Groundball, 34, EV 79.4 MPH)
Batting: LHB Victor Reyna 0-0: Fly out, F8 (Flyball, 8RM, EV 86.9 MPH)
Batting: RHB Jorge Alva 0-0: Ball
1-0: SINGLE (Flyball, 8RS, EV 92.5 MPH)
Batting: RHB Juan Barela 0-0: Called Strike
Jorge Alva is caught stealing 2nd base 2-4
Top of the 8th over - 0 runs, 1 hit, 0 errors, 0 left on base; Clemson University 1 - University of Michigan 1
BOTTOM OF THE 8TH
University of Michigan Wolverines batting - Pitching for Clemson University Tigers : LHP Brian Anderson
Batting: LHB Tony Olvera 0-0: Ground out 6-3 (Groundball, 6, EV 83.8 MPH)
Batting: RHB Jamie Broadhurst 0-0: Ball
1-0: Ground out U3 (Groundball, 34, EV 82.5 MPH)
Batting: LHB Adrian Navarro 0-0: Ball
1-0: Called Strike
1-1: SINGLE (Line Drive, 8RS, EV 97.5 MPH)
Batting: RHB Franklin Ortega 0-0: SINGLE (Groundball, 56S, EV 71.2 MPH) (infield hit)
Adrian Navarro to second
Batting: RHB Jason Rhodes 0-0: Hit by Pitch
Adrian Navarro to third
Franklin Ortega to second
Batting: RHB Dave Guevara 0-0: Ball
1-0: Foul Ball, location: 2F
1-1: Foul Ball, location: 2F
1-2: Ground out 4-3 (Groundball, 4, EV 83.8 MPH)
Bottom of the 8th over - 0 runs, 2 hits, 0 errors, 3 left on base; Clemson University 1 - University of Michigan 1
TOP OF THE 9TH
Clemson University Tigers batting - Pitching for University of Michigan Wolverines : LHP Armando Salas
Batting: RHB Juan Barela 0-0: Ball
1-0: Called Strike
1-1: Foul Ball, location: 2F
1-2: Ball
2-2: Ball
3-2: Strikes out swinging
Batting: RHB Neal Perucci 0-0: Fly out, F9 (Line Drive, 9LM, EV 96.2 MPH)
Batting: RHB Jason Duncan 0-0: Ball
1-0: Foul Ball, location: 2F
1-1: Ball
2-1: Foul Ball, location: 2F
2-2: Foul Ball, location: 2F
2-2: Ball
3-2: Foul Ball, location: 2F
3-2: Fly out, F7 (Flyball, 7LD, EV 95.0 MPH)
Top of the 9th over - 0 runs, 0 hits, 0 errors, 0 left on base; Clemson University 1 - University of Michigan 1
BOTTOM OF THE 9TH
University of Michigan Wolverines batting - Pitching for Clemson University Tigers : LHP Brian Anderson
Pitching: LHP Salvatore Vasquez
Pinch Hitting: RHB Edwin Nunez 0-0: Ball
1-0: Ball
2-0: Fly out, F7 (Flyball, 7LS, EV 86.9 MPH)
Batting: LHB Gabe Morales 0-0: Ball
1-0: Ground out U3 (Groundball, 3S, EV 91.2 MPH)
Batting: RHB Wei-fang Ping 0-0: Ball
1-0: Ball
2-0: SINGLE (Groundball, 4MD, EV 101.9 MPH)
Batting: LHB Tony Olvera 0-0: Ball
1-0: Ball
2-0: Called Strike
2-1: Swinging Strike
2-2: Fly out, F6 (Popup, 6S, EV 78.1 MPH)
Bottom of the 9th over - 0 runs, 1 hit, 0 errors, 1 left on base; Clemson University 1 - University of Michigan 1
TOP OF THE 10TH
Clemson University Tigers batting - Pitching for University of Michigan Wolverines : LHP Armando Salas
Pitching: RHP Befikadu Mthuthuzeli
Now at 2B: Edwin Nunez
Batting: LHB David Mendez 0-0: Ball
1-0: Ball
2-0: Called Strike
2-1: Foul Ball, location: 2F
2-2: Strikes out swinging
Batting: RHB Josh LeSage 0-0: Foul Ball, location: 2F
0-1: Swinging Strike
0-2: Foul Ball, location: 2F
0-2: Foul Ball, location: 2F
0-2: Ball
1-2: Ball
2-2: Ground out 6-3 (Groundball, 6S, EV 82.5 MPH)
Batting: RHB Chris Prinzing 0-0: Ball
1-0: Called Strike
1-1: SINGLE (Line Drive, 6D, EV 98.1 MPH)
Batting: SHB Jose Santiago 0-0: Swinging Strike
0-1: Foul Ball, location: 2F
0-2: Fly out, F9 (Flyball, 9LS, EV 96.9 MPH)
Top of the 10th over - 0 runs, 1 hit, 0 errors, 1 left on base; Clemson University 1 - University of Michigan 1
BOTTOM OF THE 10TH
University of Michigan Wolverines batting - Pitching for Clemson University Tigers : LHP Salvatore Vasquez
Batting: RHB Jamie Broadhurst 0-0: Called Strike
0-1: Swinging Strike
0-2: Ball
1-2: Strikes out looking
Batting: LHB Adrian Navarro 0-0: Ball
1-0: Foul Ball, location: 2F
1-1: Called Strike
1-2: Ball
2-2: Foul Ball, location: 2F
2-2: Foul Ball, location: 2F
2-2: Fly out, F9 (Flyball, 89D, EV 96.9 MPH)
Pitching: RHP Santos Gonzales
Batting: RHB Franklin Ortega 0-0: Swinging Strike
0-1: Ball
1-1: Ball
2-1: Ball
3-1: Called Strike
3-2: Base on Balls
Batting: RHB Jason Rhodes 0-0: Foul Ball, location: 2F
0-1: Swinging Strike
0-2: Strikes out swinging
Bottom of the 10th over - 0 runs, 0 hits, 0 errors, 1 left on base; Clemson University 1 - University of Michigan 1
TOP OF THE 11TH
Clemson University Tigers batting - Pitching for University of Michigan Wolverines : RHP Befikadu Mthuthuzeli
Batting: LHB Victor Reyna 0-0: Ball
1-0: Swinging Strike
1-1: Fly out, F9 (Flyball, 9LM, EV 75.0 MPH)
Batting: RHB Jorge Alva 0-0: Ball
1-0: Swinging Strike
1-1: Called Strike
1-2: Strikes out swinging
Batting: RHB Juan Barela 0-0: Fly out, F9 (Flyball, 9D, EV 101.2 MPH)
Top of the 11th over - 0 runs, 0 hits, 0 errors, 0 left on base; Clemson University 1 - University of Michigan 1
BOTTOM OF THE 11TH
University of Michigan Wolverines batting - Pitching for Clemson University Tigers : RHP Santos Gonzales
Batting: RHB Dave Guevara 0-0: Called Strike
0-1: Foul Ball, location: 2F
0-2: Ball
1-2: SINGLE (Groundball, 34D, EV 94.4 MPH)
Batting: RHB Edwin Nunez 0-0: Bunt - Flyout to 2L! F2
Batting: LHB Gabe Morales 0-0: Ball
1-0: Called Strike
1-1: Ball
2-1: Swinging Strike
2-2: Grounds into double play, 6-4-3 (Groundball, 6, EV 79.4 MPH)
Bottom of the 11th over - 0 runs, 1 hit, 0 errors, 0 left on base; Clemson University 1 - University of Michigan 1
TOP OF THE 12TH
Clemson University Tigers batting - Pitching for University of Michigan Wolverines : RHP Befikadu Mthuthuzeli
Pitching: RHP Ricky Mendoza
Batting: RHB Neal Perucci 0-0: Called Strike
0-1: Swinging Strike
0-2: Ball
1-2: Foul Ball, location: 2F
1-2: Ball
2-2: Foul Ball, location: 2F
2-2: Ball
3-2: Strikes out swinging
Batting: RHB Jason Duncan 0-0: Ball
1-0: Swinging Strike
1-1: Foul Ball, location: 2F
1-2: SINGLE (Groundball, 6MD, EV 100.6 MPH)
Batting: LHB David Mendez 0-0: 2-RUN HOME RUN (Flyball, 9LD, EV 91.2 MPH), Distance : 338 ft
Batting: RHB Josh LeSage 0-0: Foul Ball, location: 2F
0-1: SINGLE (Groundball, 4MD, EV 107.5 MPH)
Batting: RHB Chris Prinzing 0-0: Foul Ball, location: 2F
0-1: DOUBLE (Line Drive, 7LM, EV 103.8 MPH)
Josh LeSage to third
Runner from 3rd tries for Home, SAFE, throw by LF to home
Pitching: RHP Mike Echegoyen
Batting: SHB Jose Santiago 0-0: Called Strike
0-1: Fly out, F4 (Line Drive, 4M, EV 73.1 MPH)
Batting: LHB Victor Reyna 0-0: Ball
1-0: Ground out 5-3 (Groundball, 56S, EV 83.8 MPH)
Top of the 12th over - 3 runs, 4 hits, 0 errors, 1 left on base; Clemson University 4 - University of Michigan 1
BOTTOM OF THE 12TH
University of Michigan Wolverines batting - Pitching for Clemson University Tigers : RHP Santos Gonzales
Pitching: RHP A.J. Newman
Pinch Hitting: LHB Dave Cook 0-0: Ball
1-0: Called Strike
1-1: Foul Ball, location: 2F
1-2: Foul Ball, location: 2F
1-2: Strikes out looking
Pinch Hitting: LHB Joel Sandoval 0-0: SINGLE (Line Drive, 8RS, EV 98.1 MPH)
Batting: RHB Jamie Broadhurst 0-0: Foul Ball, location: 2F
0-1: Ball
1-1: SINGLE (Groundball, 4MD, EV 99.4 MPH)
Joel Sandoval to second
Batting: LHB Adrian Navarro 0-0: Foul Ball, location: 2F
0-1: Foul Ball, location: 2F
0-2: Ball
1-2: Grounds into double play, 4-6-3 (Groundball, 4, EV 88.8 MPH)
Bottom of the 12th over - 0 runs, 2 hits, 0 errors, 1 left on base; Clemson University 4 - University of Michigan 1
Thursday, December 15th , 2022 - OOTP Baseball 23.9 Build 102